 Dungeon Crawl Stone Soup version 0.24-a0-361-g57161393b2 (webtiles) character file.

Game seed: 4913782252960923316

151 Inarius the Firebug (level 5, -1/29 HPs)
             Began as a Deep Elf Fire Elementalist on May 26, 2019.
             Slain by Natasha (6 damage)
             ... on level 2 of the Dungeon.
             The game lasted 00:04:21 (2000 turns).

Inarius the Firebug (Deep Elf Fire Elementalist)    Turns: 2000, Time: 00:04:22

Health: -1/29      AC:  2    Str:  5    XL:     5   Next: 10%
Magic:  5/13       EV: 13    Int: 21    God:
Gold:   84         SH:  0    Dex: 15    Spells: 6/12 levels left

rFire    . . .     SeeInvis .   (no weapon)
rCold    . . .     Gourm    .   (no shield)
rNeg     . . .     Faith    .   a - +0 robe
rPois    .         Spirit   .   (no helmet)
rElec    .         Reflect  .   (no cloak)
rCorr    .         Harm     .   (no gloves)
MR       .....                  (no boots)
Stlth    ++........             (no amulet)
HPRegen  0.09/turn              (no ring)
MPRegen  0.13/turn              (no ring)

@: no status effects
A: no striking features
a: no special abilities


You were on level 2 of the Dungeon.
You were not hungry.

You visited 1 branch of the dungeon, and saw 2 of its levels.

You collected 84 gold pieces.

Inventory:

Armour
 a - a +0 robe (worn)
Jewellery
 l - an uncursed ring of ice
Scrolls
 b - a scroll of amnesia {unknown}
 e - a scroll of blinking {unknown}
 f - 3 scrolls of magic mapping {unknown}
 g - 2 scrolls of teleportation {unknown}
 h - 6 scrolls of identify {unknown}
 i - 3 scrolls of remove curse {unknown}
 n - a scroll of enchant armour {unknown}
 p - a scroll of immolation {unknown}
Potions
 j - 2 potions of flight {unknown}
 k - 2 potions of curing {unknown}
 m - a potion of cancellation {unknown}
 o - a potion of berserk rage {unknown}
Comestibles
 c - 4 rations


   Skills:
 * Level 1.1 Fighting
 + Level 2.5 Dodging
 - Level 2.4 Stealth
 + Level 4.3 Spellcasting
 + Level 2.7 Conjurations
 * Level 4.7 Fire Magic


You had 6 spell levels left.
You knew the following spells:

 Your Spells              Type           Power        Failure   Level  Hunger
a - Flame Tongue          Conj/Fire      ###..        2%          1    None
b - Throw Flame           Conj/Fire      ###...       3%          2    #......
c - Conjure Flame         Conj/Fire      ###.....     8%          3    ##.....

Your spell library contained the following spells:

 Spells                   Type           Power        Failure   Level  Hunger
 Inner Flame              Hex/Fire       ##......     13%         3    ##.....
 Sticky Flame             Conj/Fire      ###.....     26%         4    ####...
 Fireball                 Conj/Fire      ###.......   56%         5    ######.


Dungeon Overview and Level Annotations

Branches:
Dungeon (2/15)

Altars:

Annotations:
D:2 Natasha


Message History

Crazy Yiuf hits you with a +4 quarterstaff of chaos!
Casting: Flame Tongue (safe; 2% risk of failure)
Confirm with . or Enter, or press ? or * to list all spells.
Aiming: Flame Tongue (safe; 2% risk of failure)
Press: ? - help, Shift-Dir - straight line, f/p - Crazy Yiuf
Aim: Crazy Yiuf, wielding a +4 quarterstaff of chaos and wearing a +0 cloak (heavily wounded)
The flame tongue hits Crazy Yiuf!
Crazy Yiuf is almost dead.
Crazy Yiuf misses you. Natasha claws you!
* * * LOW HITPOINT WARNING * * *
Casting: Flame Tongue (safe; 2% risk of failure)
Confirm with . or Enter, or press ? or * to list all spells.
Aiming: Flame Tongue (safe; 2% risk of failure)
Press: ? - help, Shift-Dir - straight line, f/p - Crazy Yiuf
Aim: Crazy Yiuf, wielding a +4 quarterstaff of chaos and wearing a +0 cloak (almost dead)
The flame tongue hits Crazy Yiuf.
You kill Crazy Yiuf!
You have reached level 5!
Natasha claws you.
You die...

# #.###....### # #
#.# ##..## # # #.#
♣♣...♣ # # #.# ♣...♣♣
# # #.# ♣♣.♣♣ # # #.#
♣.♣♣ # # #.# ♣♣.♣ # #
#># ♣h♣♣ # #.# ♣♣@♣ #
#.# #)# # #.# ... #
#.# #...# # #.# #..)#
# #.# ##### # #.# #
#.#### ##### #
#....############...#
#


You could see Natasha.

Vanquished Creatures
  A hound (D:2)
  Crazy Yiuf (D:2)
  Natasha (D:2)
  An adder (D:2)
  An ooze (D:2)
  3 worms (D:2)
  2 dart slugs
  An orc (D:2)
  A ball python (D:1)
  A giant cockroach (D:2)
  3 goblins
  6 hobgoblins
  6 kobolds
  A quokka (D:2)
  6 bats
  2 frilled lizards
  11 rats
48 creatures vanquished.

Notes
Turn   | Place    | Note
-------+----------+-------------------------------------------
     0 | D:1      | Inarius the Deep Elf Fire Elementalist began the quest for
                  | the Orb.
     0 | D:1      | Reached XP level 1. HP: 10/10 MP: 6/6
   114 | D:1      | Reached XP level 2. HP: 15/15 MP: 4/8
   421 | D:1      | Learned a level 2 spell: Throw Flame
   806 | D:2      | Reached XP level 3. HP: 20/20 MP: 6/9
  1356 | D:2      | Reached XP level 4. HP: 18/24 MP: 4/11
  1438 | D:2      | Learned a level 3 spell: Conjure Flame
  1444 | D:2      | Noticed Natasha
  1450 | D:2      | Killed Natasha
  1450 | D:2      | Reached skill level 1 in Fighting
  1989 | D:2      | Found a runed translucent door.
  1990 | D:2      | Noticed Crazy Yiuf
  1997 | D:2      | Noticed Natasha
  2000 | D:2      | Killed Crazy Yiuf
  2000 | D:2      | Reached XP level 5. HP: 5/29 MP: 4/13
  2000 | D:2      | Slain by Natasha

Levels and vault maps discovered:
D:1:      minmay_arrival_jagged, layout_rooms
D:2:      layout_loops_ring, uniq_natasha, uniq_crazy_yiuf_cottage

Skill      XL: |  1  2  3  4 |
---------------+-------------+-----
Fire Magic     | 4 |  4.7
Conjurations   | 2 |  2.7
Fighting       | 1 |  1.1
Spellcasting   | 4 |  4.3
Dodging        | |  2.5
Stealth        | |  2.4

Action                   |  1- 3 |  4- 6 || total
-------------------------+-------+-------++-------
Melee: Unarmed           |     1 |       ||     1
 Cast: Flame Tongue      |    52 |    30 ||    82
       Throw Flame       |    18 |     4 ||    22
  Eat: Chunk             |     2 |     2 ||     4
Armor: Robe              |     2 |     1 ||     3
Dodge: Dodged            |    15 |     6 ||    21

Table legend:
 A = Non-vault XP
 B = Vault XP
 C = Vault XP percentage of total XP
 D = Non-vault monster count
 E = Vault monster count
 F = Vault count percentage of total count
                 A         B        C        D         E       F
            +---------+---------+-------+---------+---------+-------
      Total |     144 |      72 |  33.3 |      46 |       2 |   4.2
            +---------+---------+-------+---------+---------+-------
        D:1 |      39 |       0 |   0.0 |      24 |       0 |   0.0
        D:2 |     105 |      72 |  40.7 |      22 |       2 |   8.3
            +---------+---------+-------+---------+---------+-------
